BSA
CHICAGO MACHINE @ ST. LOUIS BROWNS
03/29/2027
 
TOP OF THE 1ST
Chicago Machine batting - Pitching for St. Louis Browns : RHP Nelson Ortega
Pitching: RHP Nelson Ortega
Batting: RHB Roberto Cardona 0-0: Called Strike
0-1: Ground out 6-3 (Groundball, 6)
Batting: LHB Bob Smith 0-0: Foul Ball, location: 2F
0-1: Called Strike
0-2: SINGLE (Groundball, 34D)
Batting: RHB Doug Stephens Balk!
Bob Smith to second
0-0: Called Strike
0-1: Ball
1-1: SINGLE (Groundball, 6MD)
Bob Smith to third
Runner from 3rd tries for Home, SAFE, throw made home
Batting: RHB Juan Vareas 0-0: Ball
1-0: Ball
2-0: SINGLE (Groundball, 6MD)
Doug Stephens to second
Batting: SHB Lee Townsend 0-0: Swinging Strike
0-1: Ball
1-1: Fielders Choice at 2nd, 4-6 (Groundball, 4)
Doug Stephens to third
Batting: SHB Jesús Ramírez 0-0: Swinging Strike
0-1: Ball
1-1: Foul Ball, location: 2F
1-2: Strikes out looking
Top of the 1st over - 1 run(s), 3 hit(s), 0 error(s), 2 left on base; Chicago 1 - St. Louis 0
BOTTOM OF THE 1ST
St. Louis Browns batting - Pitching for Chicago Machine : RHP Rex Welch
Pitching: RHP Rex Welch
Batting: SHB Ryobe Yamamoto 0-0: Ball
1-0: Swinging Strike
1-1: Foul Ball, location: 2F
1-2: Foul Ball, location: 2F
1-2: Fly out, F5 (Line Drive, 5)
Batting: LHB Robin Hill 0-0: SINGLE (Line Drive, 34)
Batting: LHB Mike Hill 0-0: Ball
Robin Hill is caught stealing 2nd base
1-0: Swinging Strike
1-1: Ball
2-1: Fly out, F6 (Popup, 56D)
Bottom of the 1st over - 0 run(s), 1 hit(s), 0 error(s), 0 left on base; Chicago 1 - St. Louis 0
TOP OF THE 2ND
Chicago Machine batting - Pitching for St. Louis Browns : RHP Nelson Ortega
Batting: SHB Joaquín López 0-0: Foul Ball, location: 2F
0-1: Called Strike
0-2: Ground out 6-3 (Groundball, 6M)
Batting: SHB Edward Bartlett 0-0: Ball
1-0: Swinging Strike
1-1: Ball
2-1: Swinging Strike
2-2: Strikes out looking
Batting: LHB José Rivas 0-0: Called Strike
0-1: Ball
1-1: Called Strike
1-2: Strikes out looking
Top of the 2nd over - 0 run(s), 0 hit(s), 0 error(s), 0 left on base; Chicago 1 - St. Louis 0
BOTTOM OF THE 2ND
St. Louis Browns batting - Pitching for Chicago Machine : RHP Rex Welch
Batting: LHB Jorge Torres 0-0: DOUBLE (Line Drive, 7LM)
Batting: RHB Carlos Alfaro 0-0: Ball
1-0: Ball
2-0: Foul Ball, location: 2F
2-1: Ball
3-1: Swinging Strike
3-2: Base on Balls
Batting: LHB Stan Hickman 0-0: Grounds into double play, 4-6-3 (Groundball, 4)
Jorge Torres to third
Batting: RHB José Flores 0-0: Ball
1-0: Fly out, F7 (Flyball, 7)
Bottom of the 2nd over - 0 run(s), 1 hit(s), 0 error(s), 1 left on base; Chicago 1 - St. Louis 0
TOP OF THE 3RD
Chicago Machine batting - Pitching for St. Louis Browns : RHP Nelson Ortega
Batting: RHB Roberto Cardona 0-0: Called Strike
0-1: Ball
1-1: Ball
2-1: Ball
3-1: Fly out, F8 (Flyball, 8RD)
Batting: LHB Bob Smith 0-0: Swinging Strike
0-1: Called Strike
0-2: Strikes out looking
Batting: RHB Doug Stephens 0-0: Called Strike
0-1: Foul Ball, location: 2F
0-2: Ball
1-2: Strikes out swinging
Top of the 3rd over - 0 run(s), 0 hit(s), 0 error(s), 0 left on base; Chicago 1 - St. Louis 0
BOTTOM OF THE 3RD
St. Louis Browns batting - Pitching for Chicago Machine : RHP Rex Welch
Batting: RHB Anthony Rucker 0-0: Ground out 6-3 (Groundball, 56D)
Batting: RHB Domingo Romero 0-0: SINGLE (Groundball, 56D)
Batting: SHB Ryobe Yamamoto 0-0: Fly out, F3 (Popup, 3S)
Batting: LHB Robin Hill 0-0: Ball
1-0: Called Strike
Domingo Romero steals 2nd base
1-1: Ball
2-1: Fly out, F7 (Flyball, 78S)
Bottom of the 3rd over - 0 run(s), 1 hit(s), 0 error(s), 1 left on base; Chicago 1 - St. Louis 0
TOP OF THE 4TH
Chicago Machine batting - Pitching for St. Louis Browns : RHP Nelson Ortega
Batting: RHB Juan Vareas 0-0: Ground out 4-3 (Groundball, 4)
Batting: SHB Lee Townsend 0-0: Ball
1-0: Swinging Strike
1-1: Ball
2-1: Foul Ball, location: 2F
2-2: Strikes out looking
Batting: SHB Jesús Ramírez 0-0: Called Strike
0-1: Ball
1-1: Foul Ball, location: 2F
1-2: Fly out, F7 (Flyball, 7S)
Top of the 4th over - 0 run(s), 0 hit(s), 0 error(s), 0 left on base; Chicago 1 - St. Louis 0
BOTTOM OF THE 4TH
St. Louis Browns batting - Pitching for Chicago Machine : RHP Rex Welch
Batting: LHB Mike Hill 0-0: Called Strike
0-1: Ball
1-1: Fly out, F9 (Flyball, 9LMF)
Batting: LHB Jorge Torres 0-0: Ball
1-0: Ball
2-0: SINGLE (Groundball, 3D)
Batting: RHB Carlos Alfaro 0-0: Called Strike
0-1: Hit by Pitch
Jorge Torres to second
Batting: LHB Stan Hickman 0-0: Called Strike
0-1: Ball
1-1: Ball
2-1: Ball
3-1: Base on Balls
Jorge Torres to third
Carlos Alfaro to second
Batting: RHB José Flores 0-0: SINGLE (Line Drive, 6M)
Jorge Torres scores
Carlos Alfaro to third
Stan Hickman to second
Batting: RHB Anthony Rucker 0-0: Foul Ball, location: 2F
0-1: Called Strike
0-2: Strikes out swinging
Batting: RHB Domingo Romero 0-0: Ball
1-0: Fly out, F2 (Popup, 56S)
Bottom of the 4th over - 1 run(s), 2 hit(s), 0 error(s), 3 left on base; Chicago 1 - St. Louis 1
TOP OF THE 5TH
Chicago Machine batting - Pitching for St. Louis Browns : RHP Nelson Ortega
Pitching: LHP Miguel Martínez
Batting: SHB Joaquín López 0-0: Ball
1-0: Swinging Strike
1-1: Ball
2-1: Ball
3-1: Base on Balls
Batting: SHB Edward Bartlett 0-0: Ball
1-0: Swinging Strike
1-1: Called Strike
1-2: Foul Ball, location: 2F
1-2: Strikes out swinging
Batting: LHB José Rivas 0-0: Ball
1-0: Called Strike
1-1: Fielders Choice at 2nd, 4-6 (Groundball, 4D)
Batting: RHB Roberto Cardona 0-0: Ball
1-0: Called Strike
1-1: Ground out 6-3 (Groundball, 56)
Top of the 5th over - 0 run(s), 0 hit(s), 0 error(s), 1 left on base; Chicago 1 - St. Louis 1
BOTTOM OF THE 5TH
St. Louis Browns batting - Pitching for Chicago Machine : RHP Rex Welch
Pitching: RHP Raúl Ruíz
Batting: SHB Ryobe Yamamoto 0-0: Ball
1-0: Ball
2-0: Called Strike
2-1: Ground out U3 (Groundball, 34S)
Batting: LHB Robin Hill 0-0: Foul Ball, location: 2F
0-1: Ball
1-1: DOUBLE (Flyball, 8LD)
Batting: LHB Mike Hill 0-0: Ball
Wild Pitch!
Robin Hill to third
1-0: Ball
2-0: Foul Ball, location: 2F
2-1: Fly out, F8 (Flyball, 8LS)
Batting: LHB Jorge Torres 0-0: Ground out 6-3 (Groundball, 6)
Bottom of the 5th over - 0 run(s), 1 hit(s), 0 error(s), 1 left on base; Chicago 1 - St. Louis 1
TOP OF THE 6TH
Chicago Machine batting - Pitching for St. Louis Browns : LHP Miguel Martínez
Batting: LHB Bob Smith 0-0: Ball
1-0: Fly out, F9 (Line Drive, 89M)
Batting: RHB Doug Stephens 0-0: Called Strike
0-1: Swinging Strike
0-2: DOUBLE (Flyball, 7D)
Batting: RHB Juan Vareas 0-0: SINGLE (Groundball, 23) (infield hit)
Doug Stephens to third
Batting: SHB Lee Townsend 0-0: Foul Ball, location: 2F
0-1: Ball
1-1: Foul Ball, location: 2F
1-2: Grounds into double play, 6-4-3 (Groundball, 6)
Top of the 6th over - 0 run(s), 2 hit(s), 0 error(s), 1 left on base; Chicago 1 - St. Louis 1
BOTTOM OF THE 6TH
St. Louis Browns batting - Pitching for Chicago Machine : RHP Raúl Ruíz
Batting: RHB Carlos Alfaro 0-0: Ball
1-0: Swinging Strike
1-1: Ground out 5-3 (Groundball, 5D)
Batting: LHB Stan Hickman 0-0: Ball
1-0: Foul Ball, location: 2F
1-1: Ball
2-1: Ball
3-1: SINGLE (Line Drive, 4D)
Batting: RHB José Flores 0-0: Foul Ball, location: 2F
0-1: Called Strike
0-2: Ball
1-2: Ball
2-2: Strikes out swinging
Batting: RHB Anthony Rucker 0-0: SINGLE (Groundball, 6D)
Stan Hickman to second
Batting: RHB Domingo Romero 0-0: Ball
1-0: 3-RUN HOME RUN (Flyball, 8RXD), Distance : 431 ft
Pitching: LHP Austin Wall
Batting: RHB Mario Rosales 0-0: Foul Ball, location: 2F
0-1: Ground out 4-3 (Groundball, 4)
Bottom of the 6th over - 3 run(s), 3 hit(s), 0 error(s), 0 left on base; Chicago 1 - St. Louis 4
TOP OF THE 7TH
Chicago Machine batting - Pitching for St. Louis Browns : LHP Miguel Martínez
Batting: SHB Jesús Ramírez 0-0: Swinging Strike
0-1: Ball
1-1: Ball
2-1: Swinging Strike
2-2: Ball
3-2: Fly out, F8 (Flyball, 89D)
Batting: SHB Joaquín López 0-0: Called Strike
0-1: Ball
1-1: Ball
2-1: Swinging Strike
2-2: Ground out 6-3 (Groundball, 6)
Pitching: RHP John Allan
Batting: SHB Edward Bartlett 0-0: SINGLE (Groundball, 56D)
Batting: LHB José Rivas 0-0: Foul Ball, location: 2F
0-1: Foul Ball, location: 2F
0-2: Ball
1-2: Ground out 3-1 (Groundball, 34S)
Top of the 7th over - 0 run(s), 1 hit(s), 0 error(s), 1 left on base; Chicago 1 - St. Louis 4
BOTTOM OF THE 7TH
St. Louis Browns batting - Pitching for Chicago Machine : LHP Austin Wall
Pinch Hitting: RHB Octávio Marín 0-0: SINGLE (Groundball, 56D)
Pinch Hitting: RHB Adrian Prouse 0-0: Ball
Octávio Marín is caught stealing 2nd base
1-0: Ball
2-0: Ball
3-0: Base on Balls
Batting: LHB Jorge Torres 0-0: Ball
Adrian Prouse steals 2nd base
1-0: Fly out, F6 (Popup, 4MD)
Pinch Hitting: LHB Junior Coates 0-0: Ball
1-0: Ball
2-0: Foul Ball, location: 2F
2-1: Ground out 4-3 (Groundball, 4)
Bottom of the 7th over - 0 run(s), 1 hit(s), 0 error(s), 1 left on base; Chicago 1 - St. Louis 4
TOP OF THE 8TH
Chicago Machine batting - Pitching for St. Louis Browns : RHP John Allan
Now at SS: Octávio Marín
Now in CF: Adrian Prouse
Now in RF: Junior Coates
Pinch Hitting: RHB Roberto Tobías 0-0: Fly out, F4 (Line Drive, 4)
Pinch Hitting: RHB Lorenzo Guzmán 0-0: Ball
1-0: Foul Ball, location: 2F
1-1: Foul Ball, location: 2F
1-2: Foul Ball, location: 2F
1-2: Ball
2-2: Ball
3-2: Fly out, F9 (Flyball, 9)
Batting: RHB Doug Stephens 0-0: Called Strike
0-1: Called Strike
0-2: Strikes out swinging
Top of the 8th over - 0 run(s), 0 hit(s), 0 error(s), 0 left on base; Chicago 1 - St. Louis 4
BOTTOM OF THE 8TH
St. Louis Browns batting - Pitching for Chicago Machine : LHP Austin Wall
Now at 1B: Roberto Tobías
Now in CF: Lorenzo Guzmán
Pinch Hitting: LHB Pepe Vázquez 0-0: Ball
1-0: Foul Ball, location: 2F
1-1: Ball
2-1: Foul Ball, location: 2F
2-2: Strikes out looking
Pinch Hitting: LHB Tommy Evans 0-0: Called Strike
0-1: Swinging Strike
0-2: Ball
1-2: Strikes out looking
Batting: RHB Anthony Rucker 0-0: Ball
1-0: Ground out 6-3 (Groundball, 6)
Bottom of the 8th over - 0 run(s), 0 hit(s), 0 error(s), 0 left on base; Chicago 1 - St. Louis 4
TOP OF THE 9TH
Chicago Machine batting - Pitching for St. Louis Browns : RHP John Allan
Pitching: LHP Brent Miller
Now at 3B: Tommy Evans
Now in CF: Pepe Vázquez
Pinch Hitting: RHB Will Lott 0-0: Ball
1-0: Ball
2-0: Ball
3-0: Called Strike
3-1: Foul Ball, location: 2F
3-2: Strikes out swinging
Pinch Hitting: RHB Alden Isenhood 0-0: Ball
1-0: Called Strike
1-1: Called Strike
1-2: Ball
2-2: Strikes out looking
Pinch Hitting: RHB Gonzalo Gil 0-0: Ball
1-0: Called Strike
1-1: Foul Ball, location: 2F
1-2: Strikes out swinging
Top of the 9th over - 0 run(s), 0 hit(s), 0 error(s), 0 left on base; Chicago 1 - St. Louis 4
Thursday, March 30th, 2017 - OOTP Baseball 17.12 Build 75